 Dungeon Crawl Stone Soup version 0.30-a0-1103-g25895a7845 (webtiles) character file.

Game seed: 14178204255931097459

37 demibob the Poker (level 3, 0/24 HPs)
             Began as a Demonspawn Wanderer on Apr 18, 2023.
             Slain by a gnoll
             ... wielding a +0 spear
              (2 damage)
             ... on level 2 of the Dungeon.
             The game lasted 00:01:52 (1460 turns).

demibob the Poker (Demonspawn Wanderer)             Turns: 1460, Time: 00:01:53

Health: 0/24       AC:  3    Str: 18    XL:     3   Next: 23%
Magic:  4/4        EV: 10    Int: 15    God:
Gold:   69         SH:  4    Dex: 14    Spells: 3/4 levels left

rFire   . . .      SeeInvis .    a - +2 spear
rCold   . . .      Faith    .    b - +0 buckler
rNeg    . . .      Spirit   .    d - +0 leather armour
rPois   +          Reflect  .    (no helmet)
rElec   .          Rampage  .    (no cloak)
rCorr   .                        (no gloves)
Will    .....                    (no boots)
Stlth   +                        (no amulet)
HPRegen 0.24/turn                P - ring of poison resistance
MPRegen 0.09/turn                S - +6 ring of strength

@: no status effects
A: hooves 1, clever 1
a: no special abilities


You were on level 2 of the Dungeon.
You visited 1 branch of the dungeon, and saw 2 of its levels.

You collected 69 gold pieces.


Innate Abilities, Weirdness & Mutations

You have large cloven feet.
Your mind is acute. (Int +4, Str/Dex -1)


   Skills:
 * Level 4.3 Polearms
 + Level 1.8 Shields
 - Level 1.0 Spellcasting
 - Level 2.6 Earth Magic
 - Level 1.2 Invocations


You had 3 spell levels left.
You knew the following spells:

 Your Spells              Type           Power      Damage    Failure   Level
z - Sandblast             Erth           16%        2d6       13%         1

Your spell library contained the following spells:

 Spells                   Type           Power      Damage    Failure   Level
 Stone Arrow              Conj/Erth      8%         3d7       56%         3
 Petrify                  Tmut/Erth      4%         N/A       92%         4
 Metabolic Englaciation   Hex/Ice        0%         N/A       100%        5
 Statue Form              Tmut/Erth      2%         N/A       100%        6

Inventory:

Hand Weapons
 a - a +2 spear (weapon)
Armour
 b - a +0 buckler (worn)
 d - a +0 leather armour (worn)
Jewellery
 P - a ring of poison resistance (left hand)
 S - a +6 ring of strength (right hand)
Scrolls
 i - a scroll of magic mapping
Potions
 f - a potion of haste {unknown}
 g - 3 potions of flight
 h - a potion of degeneration {unknown}

Dungeon Overview and Level Annotations

Branches:
Dungeon (2/15)

Altars:

Shops:
D:1 *(* D:2

= #.# #[#
########.#
.........#
.#######.##
##...########
#............
##...########
##@## #)# #g#
#g# #...#
#.....#
#.......#
#.........#
+.........+


You could see 2 gnolls.


Message History

The gnoll is severely wounded.
The gnoll hits you with a +0 whip.
* * * LOW HITPOINT WARNING * * *
The gnoll barely misses you.
You are too injured to fight recklessly!
You feel better. The gnoll barely misses you.
The gnoll hits you with a +0 whip.
You barely miss the gnoll.
The gnoll is severely wounded.
The gnoll hits you but does no damage. You block the gnoll's attack.
You hit the gnoll but do no damage. Your kick misses the gnoll.
The gnoll is severely wounded.
You hit the gnoll.
The gnoll is severely wounded.
The gnoll barely misses you. The gnoll hits you with a +0 whip.
* * * LOW HITPOINT WARNING * * *
You are too injured to fight recklessly!
You hit the gnoll.
You kill the gnoll!
The gnoll hits you from afar with a +0 spear.
* * * LOW HITPOINT WARNING * * *
You have reached level 3!
Your experience leads to an increase in your attributes!
Your base attributes are Str 13, Int 11, Dex 13.
Increase (S)trength, (I)ntelligence, or (D)exterity?
You feel agile. x2
It was a potion of mutation.
You feel extremely strange.
You feel clever.
The gnoll hits you from afar with a +0 spear.
You die...

Skill      XL: |  1  2 |
---------------+-------+-----
Polearms       | 4 |  4.3
Shields        | |  1.8
Spellcasting   | |  1.0
Earth Magic    | |  2.6
Invocations    | |  1.2

Action                     || total
---------------------------++-------
  Melee: Spear             ||    65
         Kick              ||     7
    Use: Potion            ||     3
         Scroll            ||     2
   Stab: Sleeping          ||     4
 Armour: Leather armour    ||     4
  Dodge: Dodged            ||    23
  Block: Buckler           ||     4

Levels and vault maps discovered:
D:1:      heliophobic_arrival_dark_side_of_the_moon, layout_loops_ring,
          serial_forest, infiniplex_forest_clump_cross,
          infiniplex_forest_lined_room_2, infiniplex_forest_clump_curved,
          infiniplex_forest_straight_2, infiniplex_forest_zigzag_1,
          infiniplex_forest_straight_2, infiniplex_forest_clump_tiny,
          serial_shops, shop, nicolae_shop_crystal,
          nicolae_shop_tiny_waterfront, minmay_split_cup_small
D:2:      layout_loops_corners, serial_shops, nicolae_shop_just_a_little_nook,
          dilly_ecumenical_altar_fadedgnrine, palyth_stone_intersect,
          uniq_sigmund

Notes
Turn   | Place    | Note
-------+----------+-------------------------------------------
     0 | D:1      | demibob the Demonspawn Wanderer began the quest for the
                  | Orb.
     0 | D:1      | demibob set off with the following items: a +2 spear, a +0
                  | buckler, a potion of curing {@q1}, a +0 leather armour; and
                  | the following spell memorised: Sandblast; and the following
                  | spells available to memorise: Stone Arrow.
     0 | D:1      | Reached XP level 1. HP: 13/13 MP: 2/2
   288 | D:1      | Gained mutation: You have large cloven feet. [demonic
                  | ancestry]
   288 | D:1      | Reached XP level 2. HP: 19/19 MP: 3/3
   306 | D:1      | Reached skill level 4 in Polearms
   552 | D:1      | Found Belai's Assorted Antiques.
   553 | D:1      | Found Epaont's Assorted Antiques.
   561 | D:1      | Found Kovoamna's Weapon Emporium.
  1286 | D:2      | Found Budecviy's Jewellery Boutique.
  1459 | D:2      | HP: 1/19 [gnoll/+0 spear (6)]
  1460 | D:2      | Reached XP level 3. HP: 2/24 MP: 4/4
  1460 | D:2      | Gained mutation: Your mind is acute. (Int +4, Str/Dex -1)
                  | [potion of mutation]
  1460 | D:2      | Slain by a gnoll

Vanquished Creatures
  A gnoll (D:2)
  A dart slug (D:1)
  A ball python (D:2)
  3 endoplasms
  A giant cockroach (D:1)
  2 goblins (D:1)
  3 hobgoblins (D:1)
  2 quokkas
  A bat (D:1)
  3 frilled lizards
  3 kobolds (D:1)
  4 rats
25 creatures vanquished.

Vanquished Creatures (others)
  2 plants (D:1)
2 creatures vanquished.

Grand Total: 27 creatures vanquished

Table legend: (Time is in decaauts)
 A = Elapsed time spent in this place.
 B = Non-inter-level travel time spent in this place.
 C = Inter-level travel time spent in this place.
 D = Time resting spent in this place.
 E = Time spent auto-exploring this place.
 F = Levels seen in this place.
 G = Mean time per level.
                   A        B        C        D        E       F      G
               +--------+--------+--------+--------+--------+-----+--------+
         Total |   1455 |   1344 |    111 |      0 |   1191 |   2 |  727.5 |
       Dungeon |   1455 |   1344 |    111 |      0 |   1191 |   2 |  727.5 |
               +--------+--------+--------+--------+--------+-----+--------+

Top non-repeatable levels by time:
     D:1: 1092 daAuts
     D:2: 362 daAuts

Table legend:
 A = Non-vault XP
 B = Vault XP
 C = Vault XP percentage of total XP
 D = Non-vault monster count
 E = Vault monster count
 F = Vault count percentage of total count
                 A         B        C        D         E       F
            +---------+---------+-------+---------+---------+-------
      Total |      49 |       5 |   9.3 |      22 |       3 |  12.0
            +---------+---------+-------+---------+---------+-------
        D:1 |      27 |       5 |  15.6 |      16 |       3 |  15.8
        D:2 |      22 |       0 |   0.0 |       6 |       0 |   0.0
            +---------+---------+-------+---------+---------+-------
